 Dungeon Crawl Stone Soup version 0.29-a0-298-g3c90f9a769 (webtiles) character file.

Game seed: 7993009013016476568

8205 Dabor the Tainter (level 11, -9/54 HPs)
             Began as a Deep Elf Venom Mage on Mar 23, 2022.
             Was a Priest of Qazlal.
             Mangled by a troll (14 damage)
             ... on level 9 of the Dungeon.
             The game lasted 00:25:52 (13034 turns).

Dabor the Tainter (Deep Elf Venom Mage)            Turns: 13034, Time: 00:25:52

Health: -9/54      AC: 11    Str:  3    XL:     11   Next: 6%
Magic:  24/28      EV: 21    Int: 33    God:    Qazlal [***...]
Gold:   756        SH:  0    Dex: 15    Spells: 22/32 levels left

rFire   + . .      SeeInvis .   j - +3 scimitar (flame)
rCold   + . .      Faith    .   (no shield)
rNeg    . . .      Spirit   .   e - +2 robe {rC+ rF+}
rPois   +          Reflect  .   C - +2 helmet
rElec   +          Harm     .   q - +2 cloak {rPois}
rCorr   .          Rampage  .   (no gloves)
Will    +....                   u - +0 pair of boots
Stlth   +.........              h - amulet of regeneration
HPRegen 0.98/turn               g - +4 ring of evasion
MPRegen 0.21/turn               n - ring of Hospitality {Wiz rElec Str-2 Int+8 Slay+5}

@: confused, ambrosia-drunk
A: no striking features
a: Renounce Religion, Upheaval, Elemental Force


You were on level 9 of the Dungeon.
You worshipped Qazlal.
Qazlal was most pleased with you.
You visited 1 branch of the dungeon, and saw 9 of its levels.

You collected 988 gold pieces.
You spent 232 gold pieces at shops.

Inventory:

Hand Weapons
 j - a +3 scimitar of flaming (weapon)
Missiles
 p - a throwing net
Armour
 e - a +2 robe of resistance (worn)
 q - a +2 cloak of poison resistance (worn)
 u - a +0 pair of boots (worn)
 B - the +1 ring mail "Boeh" {Int+4 Dex+6}
   (You found it on level 7 of the Dungeon)

   Int:       It affects your intelligence (+4).
   Dex:       It affects your dexterity (+6).
 C - a +2 helmet (worn)
Jewellery
 g - a +4 ring of evasion (left hand)
 h - an amulet of regeneration (around neck)
 n - the ring of Hospitality (right hand) {Wiz rElec Str-2 Int+8 Slay+5}
   (You acquired it on level 8 of the Dungeon)

   [ring of wizardry]

   It improves your spell success rate.
   Str:       It affects your strength (-2).
   Int:       It affects your intelligence (+8).
   Slay:      It affects your accuracy & damage with ranged weapons and melee
   (+5).
   rElec:     It insulates you from electricity.
 x - a ring of protection from cold
Wands
 d - a wand of iceblast (4)
 v - a wand of flame (12)
 w - a wand of paralysis (4)
 A - a wand of digging (6)
Scrolls
 f - a scroll of fog {unknown}
 l - a scroll of silence
 m - 2 scrolls of teleportation
 t - 4 scrolls of enchant weapon
 D - a scroll of identify
Potions
 a - 5 potions of mutation {unknown}
 b - 2 potions of magic
 c - a potion of resistance
 i - a potion of ambrosia
 o - a potion of might
 r - 3 potions of curing
 z - a potion of brilliance


   Skills:
 + Level 10.2 Dodging
 - Level 3.2 Stealth
 + Level 11.1 Spellcasting
 - Level 3.0 Conjurations
 - Level 2.0 Transmutations
 - Level 3.0 Air Magic
 * Level 12.9 Poison Magic
 + Level 1.3 Invocations


You had 22 spell levels left.
You knew the following spells:

 Your Spells              Type           Power      Damage    Failure   Level
a - Sting                 Tmut/Pois      100%       1d8       1%          1
b - Poisonous Vapours     Pois/Air       100%       N/A       1%          2
c - Olgreb's Toxic Radia  Pois           81%        N/A       1%          4
d - Mephitic Cloud        Conj/Pois/Air  56%        N/A       1%          3

Your spell library contained the following spells:

 Spells                   Type           Power      Damage    Failure   Level
 Animate Skeleton         Necr           36%        N/A       1%          1
 Apportation              Tloc           36%        N/A       1%          1
 Pain                     Necr           72%        1d7       1%          1
 Static Discharge         Conj/Air       38%        N/A       1%          2
 Alistair's Intoxication  Tmut/Pois      40%        N/A       1%          5
 Frozen Ramparts          Ice            36%        1d5       3%          3
 Vampiric Draining        Necr           18%        2d7       3%          3
 Sticky Flame             Conj/Fire      28%        2d5       6%          4
 Ice Form                 Ice/Tmut       25%        N/A       7%          4
 Dispel Undead            Necr           18%        3d11      11%         4
 Summon Ice Beast         Ice/Summ       18%        N/A       11%         4


Dungeon Overview and Level Annotations

Branches:
Dungeon (9/15)             Temple (0/1) D:5            Lair (0/6) D:8
    Orc: D:9-12

Altars:
Ashenzari
Cheibriados
Gozag
Hepliaklqana
Makhleb
Qazlal
Ru
Uskayaw
Xom
Zin

Shops:
D:5 [*:


Message History

* * * LOW HITPOINT WARNING * * *
The troll bites you.
* * * LOW HITPOINT WARNING * * *
The troll completely misses you. The troll claws you but does no damage.
Okay, then.
Okay, then.
Aiming: Upheaval
Press: ? - help, Dir - move target, f/p - troll
Aim: a troll (almost dead, very poisoned) That beam is likely to hit you.
Continue anyway?
Okay, then.
Casting: Sting (safe; 1% risk of failure)
Confirm with . or Enter, or press ? or * to list all spells.
Okay, then.
Unknown command.
Casting: Sting (safe; 1% risk of failure)
Confirm with . or Enter, or press ? or * to list all spells.
Aiming: Mephitic Cloud (safe; 1% risk of failure)
Press: ? - help, Shift-Dir - straight line, f/p - troll
Aim: a troll (almost dead, very poisoned, chance to affect: 67%)
The ball explodes into a vile cloud!
The stinking cloud engulfs the troll but does no damage.
The troll is almost dead.
The stinking cloud engulfs you but does no damage.
The troll is engulfed in noxious fumes.
You block the troll's attack. The troll claws you.
* * * LOW HITPOINT WARNING * * *
The troll misses you. The troll attacks as you move away!
The troll completely misses you.
The troll closely misses you. x2; The troll is engulfed in noxious fumes.
The troll appears confused.
You barely miss the troll.
The troll is almost dead.
The troll is engulfed in noxious fumes.
The troll bites you but does no damage. The troll misses you.
The troll claws you.
* * * LOW HITPOINT WARNING * * *
You are confused.
You feel invigorated.
The troll is engulfed in noxious fumes.
The troll appears confused.
The troll bites you!
You die...

#.# ##...###.....#'#'########..
#.# ##....#.........#.# ######..
##.# #.....#.........#.###....##.
.#.# #.....#.........#.##......##
.#.# #.....#.........#.'........#
.#.# #.>...#.........#.#......[.'
.#.###.....#.........#.#........'
...........###.....###'#........#
.#.####.....####@### ..##......##
.#.# #.......# #T# ...##....##.
.#.###.......##.○# .... ######..
......=....###○°°# .... ...
#.####....##.....# .... #.#
#....#...$..' #.# ##...##.....#
#.# ##...###...# #. #..#####..#


You could see a troll (confused, very poisoned).

Vanquished Creatures
  Erica (D:9)
  A two-headed ogre (D:9)
  An unseen horror (D:6)
  2 trolls (D:9)
  A hornet (D:9)
  The ghost of hemabe71 the Charlatan, an amateur HuAr (D:7)
  A wraith (D:9)
  A yak (D:9)
  Sigmund (D:3)
  2 wyverns (D:9)
  A fire bat (D:5)
  3 steam dragons (D:9)
  Edmund (D:6)
  An acid dragon (D:9)
  2 water moccasins
  2 ice beasts
  A sky beast (D:7)
  3 orc warriors (D:8)
  2 black bears
  4 centaurs
  5 ogres
  2 phantoms
  A kobold brigand (D:9)
  A bullfrog (D:7)
  Blork the orc (D:6)
  2 necrophages
  A scorpion (D:7)
  3 wights (D:8)
  21 killer bees
  3 howler monkeys
  3 hounds
  A jelly (D:8)
  Crazy Yiuf (D:3)
  A gnoll shaman (D:8)
  7 orc priests
  4 iguanas
  11 orc wizards
  Natasha (twice) (D:3)
  9 gnolls
  7 adders
  A shadow imp (D:4)
  A white imp (D:6)
  An ufetubus (D:6)
  4 dart slugs
  34 orcs
  6 endoplasms
  A giant cockroach (D:2)
  6 goblins
  7 hobgoblins
  4 quokkas
  5 ball pythons
  5 bats
  4 frilled lizards
  5 kobolds
  6 rats
208 creatures vanquished.

Notes
Turn   | Place    | Note
-------+----------+-------------------------------------------
     0 | D:1      | Dabor the Deep Elf Venom Mage began the quest for the Orb.
     0 | D:1      | Reached XP level 1. HP: 10/10 MP: 6/6
   326 | D:1      | Reached XP level 2. HP: 5/15 MP: 0/8
  1875 | D:2      | Reached XP level 3. HP: 12/19 MP: 3/10
  1997 | D:2      | Learned a level 2 spell: Poisonous Vapours
  2127 | D:2      | Reached XP level 4. HP: 24/24 MP: 8/11
  2198 | D:2      | Reached skill level 4 in Poison Magic
  2617 | D:2      | Found a faded altar of an unknown god.
  3016 | D:3      | Noticed Sigmund
  3027 | D:3      | Killed Sigmund
  3028 | D:3      | Reached skill level 5 in Poison Magic
  3028 | D:3      | Reached XP level 5. HP: 26/28 MP: 1/14
  3411 | D:3      | Noticed Natasha
  3418 | D:3      | Killed Natasha
  3419 | D:3      | Reached XP level 6. HP: 26/32 MP: 11/15
  3537 | D:3      | Found a broken altar of Ashenzari.
  3544 | D:3      | Found a sacrificial altar of Ru.
  3550 | D:3      | Found a shimmering altar of Xom.
  3561 | D:3      | Found a glowing silver altar of Zin.
  3568 | D:3      | Found a snail-covered altar of Cheibriados.
  3574 | D:3      | Found a hazy altar of Hepliaklqana.
  3582 | D:3      | Found a stormy altar of Qazlal.
  3691 | D:3      | Became a worshipper of Qazlal Stormbringer
  3763 | D:3      | Reached skill level 5 in Spellcasting
  3815 | D:3      | Found a runed translucent door.
  3816 | D:3      | Noticed Crazy Yiuf
  3985 | D:3      | Noticed Natasha
  3991 | D:3      | Killed Natasha
  4582 | D:3      | Killed Crazy Yiuf
  4647 | D:4      | Noticed an ice beast
  4662 | D:4      | Killed an ice beast
  4663 | D:4      | Reached skill level 6 in Poison Magic
  4774 | D:4      | Reached skill level 5 in Dodging
  4774 | D:4      | Reached XP level 7. HP: 18/36 MP: 6/17
  4904 | D:4      | Found a hide-covered altar of Uskayaw.
  5176 | D:4      | Learned a level 4 spell: Olgreb's Toxic Radiance
  6258 | D:5      | Entered Level 5 of the Dungeon
  6258 | D:5      | Found an opulent altar of Gozag.
  6344 | D:5      | Found a staircase to the Ecumenical Temple.
  6352 | D:5      | Reached skill level 7 in Poison Magic
  6462 | D:5      | Found a transporter.
  6477 | D:5      | Found Xajeyn's General Store.
  6480 | D:5      | Found Gobeuc's Armour Boutique.
  6480 | D:5      | You fall into a shaft and drop 1 floor!
  6649 | D:5      | Reached XP level 8. HP: 25/41 MP: 13/19
  6696 | D:5      | Found a transporter.
  6737 | D:5      | Bought a potion of heal wounds for 70 gold pieces
  6748 | D:5      | Bought a +1 cloak of poison resistance for 162 gold pieces
  6792 | D:5      | Found Byamef's Book Emporium.
  7215 | D:5      | Found a burning altar of Makhleb.
  7215 | D:5      | Noticed a balrug
  7218 | D:5      | Noticed a hellwing
  7218 | D:5      | Noticed a hellwing
  7353 | D:5      | Reached skill level 8 in Poison Magic
  7498 | D:6      | Learned a level 3 spell: Mephitic Cloud
  7936 | D:6      | Noticed Edmund
  7948 | D:6      | Killed Edmund
  7949 | D:6      | Reached skill level 1 in Conjurations
  7949 | D:6      | Reached skill level 1 in Air Magic
  8115 | D:6      | Noticed Blork the orc
  8126 | D:6      | Killed Blork the orc
  8223 | D:6      | Reached * piety under Qazlal
  8224 | D:6      | Reached skill level 9 in Poison Magic
  8242 | D:6      | Reached XP level 9. HP: 45/45 MP: 6/22
  8672 | D:6      | Killed an unseen horror
  8980 | D:7      | Found a transporter.
  9028 | D:7      | Noticed hemabe71's ghost (amateur HuAr)
  9565 | D:7      | Identified the +1 ring mail "Boeh" {Int+4 Dex+6}
  9593 | D:7      | Found a transporter.
 10256 | D:7      | Reached skill level 10 in Poison Magic
 10296 | D:7      | Killed hemabe71's ghost
 10673 | D:8      | Reached ** piety under Qazlal
 11422 | D:8      | Found a staircase to the Lair.
 11499 | D:8      | Reached XP level 10. HP: 50/50 MP: 16/25
 11501 | D:8      | Identified a scroll of acquirement
 11501 | D:8      | Acquired the ring of Hospitality {Wiz rElec Str-2 Int+8
                  | Slay+5}
 11502 | D:8      | Reached skill level 11 in Poison Magic
 11643 | D:9      | Noticed Erica
 11655 | D:9      | Killed Erica
 11708 | D:9      | Reached skill level 10 in Spellcasting
 11921 | D:9      | Noticed a two-headed ogre
 11927 | D:9      | Reached skill level 12 in Poison Magic
 12551 | D:9      | Reached *** piety under Qazlal
 12573 | D:9      | Reached skill level 10 in Dodging
 12834 | D:9      | Killed a two-headed ogre
 12835 | D:9      | Reached skill level 1 in Invocations
 12835 | D:9      | Reached XP level 11. HP: 54/54 MP: 13/28
 13033 | D:9      | HP: 1/54 [troll (5)]
 13034 | D:9      | Mangled by a troll

Illustrated notes

Levels and vault maps discovered:
D:1:      minmay_arrival_stone_box, layout_basic, st_stairs_14,
          interstate_on_off
D:2:      layout_basic, ebering_ecumenical_altar_sacrificial
D:3:      layout_basic, grunt_temple_overflow_octagram, uniq_crazy_yiuf_cottage,
          uniq_sigmund, uniq_natasha
D:4:      layout_basic, lemuel_doored_altar, minmay_misc_feat_chi
D:5:      gammafunk_cloud_chamber, layout_rooms, makhleb_altar_promises_db,
          mainiacjoe_overflow_catwalk, minmay_temple_entry_purple_smoke,
          serial_shops, nicolae_inconvenience_store, shop, shop,
          kennysheep_generic_room_16
D:6:      layout_loops_corners, uniq_blork_the_orc, uniq_edmund
D:7:      layout_basic, gammafunk_ghost_hive
D:8:      layout_cave_pools, lair_entry_dummy, minmay_orc_keep
D:9:      minmay_polygon_palace, layout_rooms, okawaru_trees_1,
          hangedman_decor_slide_cut, uniq_erica

Skill      XL: |  1  2  3  4  5  6  7  8  9 10 |
---------------+-------------------------------+-----
Dodging        | 3 4 5 7 8 10 | 10.2
Stealth        | 3 |  3.2
Transmutations | 2 |  2.0
Poison Magic   | 5 6 7 9 10 12 | 12.9
Spellcasting   | 4 5 6 7 9 11 | 11.1
Conjurations   | 2 3 |  3.0
Air Magic      | 2 3 |  3.0
Invocations    | 1 |  1.3

Action                   |  1- 3 |  4- 6 |  7- 9 | 10-12 || total
-------------------------+-------+-------+-------+-------++-------
Melee: Unarmed           |     5 |       |       |       ||     5
       Dagger            |       |    17 |    49 |    21 ||    87
       Punch             |       |       |     1 |       ||     1
       Scimitar          |       |       |       |    13 ||    13
 Cast: Sting             |    62 |    82 |   227 |    88 ||   459
       Poisonous Vapours |       |     3 |    33 |    15 ||    51
       Olgreb's Toxic Ra |       |       |    26 |    19 ||    45
       Mephitic Cloud    |       |       |       |     1 ||     1
  Use: Scroll            |       |     1 |    11 |     1 ||    13
       Potion            |       |       |     4 |     5 ||     9
 Stab: Invisible         |       |       |       |     1 ||     1
Armor: Robe              |     1 |     7 |    23 |    22 ||    53
       Ring mail         |       |       |     7 |     8 ||    15
Dodge: Dodged            |    16 |    46 |   143 |   125 ||   330
Block: Other             |       |       |     1 |    18 ||    19

Table legend: (Time is in decaauts)
 A = Elapsed time spent in this place.
 B = Non-inter-level travel time spent in this place.
 C = Inter-level travel time spent in this place.
 D = Time resting spent in this place.
 E = Time spent auto-exploring this place.
 F = Levels seen in this place.
 G = Mean time per level.
                   A        B        C        D        E       F      G
               +--------+--------+--------+--------+--------+-----+--------+
         Total |  13072 |  12450 |    622 |   1755 |   8960 |   9 | 1452.4 |
       Dungeon |  13072 |  12450 |    622 |   1755 |   8960 |   9 | 1452.4 |
               +--------+--------+--------+--------+--------+-----+--------+

Top non-repeatable levels by time:
     D:7: 1801 daAuts
     D:1: 1777 daAuts
     D:3: 1642 daAuts
     D:4: 1611 daAuts
     D:6: 1553 daAuts
     D:8: 1339 daAuts
     D:2: 1233 daAuts
     D:5: 1142 daAuts
     D:9: 969 daAuts
